 Dungeon Crawl Stone Soup version 0.24-a0-201-gf205589 (webtiles) character file.

Game seed: 2305312630096483352

3592 Borgoz the Cutter (level 10, -2/59 HPs)
             Began as a Gargoyle Gladiator on Mar 25, 2019.
             Was an Initiate of Ashenzari.
             Killed by divine providence
             ... invoked by an orc priest
              (12 damage)
             ... on level 8 of the Dungeon.
             The game lasted 00:11:25 (6286 turns).

Borgoz the Cutter (Gargoyle Gladiator)              Turns: 6286, Time: 00:11:26

Health: -2/59      AC: 13    Str: 18    XL:     10   Next: 10%
Magic:  15/15      EV: 18    Int:  8    God:    Ashenzari [......]
Gold:   356        SH:  0    Dex: 12    Spells: 16/16 levels left

rFire    . . .     SeeInvis .   z - +7 Spriggan's Knife {stab, EV+4 Stlth+}
rCold    . . .     Gourm    .   (no shield)
rNeg     + . .     Faith    .   w - +0 leather armour
rPois    ∞         Spirit   .   c - +0 helmet
rElec    +         Reflect  .   (no cloak)
rCorr    .         Harm     .   (no gloves)
MR       .....                  k - +0 pair of boots
Stlth    ++++......             (no amulet)
HPRegen  0.19/turn              p - -3 ring of intelligence
MPRegen  0.14/turn              (no ring)

@: no status effects
A: negative energy resistance 1, electricity resistance, unbreathing,
petrification resistance, rot immunity, AC +7
a: Curse Item, Renounce Religion


You were on level 8 of the Dungeon.
You worshipped Ashenzari.
Ashenzari was noncommittal.
You were hungry.

You visited 2 branches of the dungeon, and saw 9 of its levels.

You collected 356 gold pieces.

Inventory:

Hand Weapons
 a - a +2 dagger of electrocution
 b - a +1 antimagic short sword
 m - a +0 rapier of electrocution
 q - a +1 dagger of flaming
 v - a +0 rapier
 z - the +7 Spriggan's Knife (weapon) {stab, EV+4 Stlth+}
   (You found it on level 6 of the Dungeon)

   It affects your evasion (+4).
   It makes you more stealthy.
Missiles
 d - 5 throwing nets (quivered)
 e - 39 poisoned needles
 n - 2 tomahawks
Armour
 c - a +0 helmet (worn)
 k - a +0 pair of boots (worn)
 w - a +0 leather armour (worn)
Jewellery
 p - a -3 ring of intelligence (left hand)
Wands
 h - a wand of disintegration (15)
 A - a wand of polymorph (19)
Scrolls
 j - 2 scrolls of amnesia
 t - a scroll of remove curse
 x - 3 scrolls of identify
 y - 3 scrolls of teleportation
 C - 3 scrolls of magic mapping
 E - 2 scrolls of fog
 G - 2 scrolls of enchant armour {unknown}
Potions
 g - a potion of ambrosia
 i - a potion of cancellation
 l - a potion of resistance
 o - a potion of heal wounds
 r - a potion of might {unknown}
 s - a potion of degeneration {unknown}
 u - a potion of magic {unknown}
 B - 2 potions of curing {unknown}
 D - a potion of flight {unknown}
 F - a potion of mutation {unknown}
Comestibles
 f - 13 rations
 H - 3 chunks of flesh


   Skills:
 + Level 5.4 Fighting
 * Level 6.5 Short Blades
 + Level 4.5 Throwing
 + Level 4.8 Armour
 * Level 5.9 Dodging
 + Level 5.3 Stealth
 + Level 3.9 Spellcasting
 + Level 2.6 Evocations


You had 16 spell levels left.
You didn't know any spells.
Your spell library contained the following spells:

 Spells                   Type           Power        Failure   Level  Hunger
 Animate Skeleton         Necr           N/A          34%         1    #......
 Pain                     Necr           #...         34%         1    #......
 Regeneration             Chrm/Necr      #.........   71%         3    ###....
 Static Discharge         Conj/Air       #.......     71%         3    ###....
 Vampiric Draining        Necr           #.........   71%         3    ###....
 Animate Dead             Necr           N/A          98%         4    #####..
 Lightning Bolt           Conj/Air       #.........   100%        5    ######.
 Ignition                 Fire           #.........   100%        8    #######
 Shatter                  Erth           #.........   100%        9    #######
 Tornado                  Air            #.........   100%        9    #######


Dungeon Overview and Level Annotations

Branches:
Dungeon (8/15)             Temple (1/1) D:4            Lair (0/6) D:8

Altars:
Ashenzari
Cheibriados
Dithmenos
Elyvilon
Gozag
Hepliaklqana
Kikubaaqudgha
Makhleb
Nemelex Xobeh
Okawaru
Qazlal
Ru
Sif Muna
Trog
Uskayaw
Vehumet
Wu Jian
Xom
Yredelemnul
Zin
The Shining One

Shops:
D:4 =


Innate Abilities, Weirdness & Mutations

You are resistant to torment.
Your stone body is resilient. (AC +7)
You are immune to poison.
You resist negative energy. (rN+)
You are resistant to electric shocks. (rElec)
You can survive without breathing.
You are immune to petrification.
You are immune to rotting.


Message History

The orc wizard gestures wildly while chanting.
The orc wizard flickers and vanishes!
Deactivating autopickup; reactivate with Ctrl-A.
The bullfrog misses you.
You hear some strange, mumbled words.
A puff of flame appears from out of thin air!
The puff of flame hits you but does no damage.
The orc priest mumbles some strange prayers to Beogh against you.
Beogh smites you!
The orc priest calls down the wrath of Beogh upon you.
Beogh smites you!
* * * LOW HITPOINT WARNING * * *
An orc comes into view. It is wielding a +0 trident.
The bullfrog misses you.
There is a stone staircase leading up here.
The porcupine completely misses you.
The bullfrog hits you but does no damage.
The orc priest mumbles some strange prayers to Beogh against you.
Beogh smites you!
You die...

....P.P......o.....
#.P..P............
#......oo##'##....
+.....o..#...#a...
#........#...#####
#........'........
#......s.#........
#.rr.....#........
#@Fa.r...#########
##+#.............#
#.............#
#.............#
#.............#
#...(>........#
#.............#
#.............#
######...)....)


You could see a bullfrog, a scorpion, 3 porcupines, a worker ant, an orc priest
and 2 orcs.

Vanquished Creatures
  2 hornets (D:8)
  A hippogriff (D:7)
  Sigmund (D:3)
  Eustachio (D:4)
  A soldier ant (D:8)
  A sky beast (D:7)
  3 phantoms
  An orc warrior (D:7)
  2 necrophages
  2 ogres
  3 centaurs
  Blork the orc (D:4)
  2 bullfrogs (D:7)
  A howler monkey (D:6)
  4 wights (D:7)
  5 crimson imps
  2 hounds
  A jelly (D:7)
  2 orc priests
  A gnoll shaman (D:7)
  2 bullfrog skeletons (D:6)
  Crazy Yiuf (D:6)
  4 orc wizards
  2 iguanas (D:5)
  Ijyb (D:3)
  7 worker ants
  5 hound zombies
  A mummy (D:7)
  8 gnolls
  11 adders
  2 oozes
  An adder zombie (D:6)
  3 worms (D:2)
  2 dart slugs
  5 leopard geckos
  15 orcs
  4 hobgoblins
  12 jackals
  2 quokkas
  3 ball pythons
  5 bats
  3 frilled lizards
  6 goblins
  9 kobolds
  2 leopard gecko skeletons
  4 rats
157 creatures vanquished.

Notes
Turn   | Place    | Note
-------+----------+-------------------------------------------
     0 | D:1      | Borgoz the Gargoyle Gladiator began the quest for the Orb.
     0 | D:1      | Reached XP level 1. HP: 12/12 MP: 1/1
   124 | D:1      | Reached XP level 2. HP: 14/17 MP: 2/2
   443 | D:2      | Reached XP level 3. HP: 22/22 MP: 3/3
   457 | D:2      | Reached skill level 3 in Short Blades
   503 | D:2      | Reached skill level 1 in Stealth
   542 | D:2      | Reached skill level 1 in Armour
   549 | D:2      | Reached XP level 4. HP: 17/27 MP: 5/5
  1071 | D:2      | Reached skill level 1 in Spellcasting
  1433 | D:3      | Reached XP level 5. HP: 31/31 MP: 6/6
  1641 | D:3      | Noticed Ijyb
  1654 | D:3      | Killed Ijyb
  1701 | D:3      | Found a sacrificial altar of Ru.
  1980 | D:3      | Noticed Sigmund
  1990 | D:3      | Killed Sigmund
  1990 | D:3      | Reached XP level 6. HP: 13/37 MP: 6/8
  2213 | D:4      | Found a staircase to the Ecumenical Temple.
  2222 | D:4      | Noticed Blork the orc
  2235 | D:4      | Killed Blork the orc
  2235 | D:4      | Reached skill level 4 in Short Blades
  2235 | D:4      | Reached XP level 7. HP: 30/41 MP: 9/9
  2264 | Temple   | Entered the Ecumenical Temple
  2453 | D:4      | Noticed Eustachio
  2471 | D:4      | Killed Eustachio
  2735 | D:4      | Found Aroeg's Jewellery Shop.
  3035 | D:5      | Entered Level 5 of the Dungeon
  3398 | D:5      | Reached XP level 8. HP: 48/48 MP: 11/11
  3413 | D:5      | Found a white marble altar of Elyvilon.
  3414 | D:5      | Found a bloodstained altar of Trog.
  4051 | D:6      | Found the +7 Spriggan's Knife {stab, EV+4 Stlth+}
  4158 | D:6      | Found a burning altar of Makhleb.
  4230 | D:6      | Found a shattered altar of Ashenzari.
  4235 | D:6      | Reached skill level 5 in Short Blades
  4263 | D:6      | Became a worshipper of Ashenzari the Shackled
  4426 | D:6      | Found a runed translucent door.
  4427 | D:6      | Noticed Crazy Yiuf
  4631 | D:6      | Found a hide-covered altar of Uskayaw.
  4748 | D:6      | Reached skill level 1 in Evocations
  4939 | D:6      | Killed Crazy Yiuf
  5063 | D:7      | Reached XP level 9. HP: 52/52 MP: 13/13
  5118 | D:7      | Reached skill level 5 in Dodging
  5673 | D:7      | Reached skill level 6 in Short Blades
  5760 | D:7      | Reached skill level 5 in Fighting
  6089 | D:8      | Noticed a hornet
  6091 | D:8      | Killed a hornet
  6091 | D:8      | Reached skill level 5 in Stealth
  6093 | D:8      | Noticed a hornet
  6094 | D:8      | Killed a hornet
  6094 | D:8      | Reached XP level 10. HP: 59/59 MP: 15/15
  6263 | D:8      | Found a staircase to the Lair.
  6286 | D:8      | Killed from afar by an orc priest

Levels and vault maps discovered:
D:1:      scummos_arrival_forest, layout_rooms, corner_web_ring
D:2:      layout_basic, first_ration, minmay_strange_pillars,
          kennysheep_generic_room_6
D:3:      layout_loops_ring, nicolae_overflow_hidden_temple,
          grunt_ministairs_13, grunt_decor_resistance,
          chequers_serial_rivers_small_3, uniq_ijyb, uniq_sigmund
D:4:      layout_gridville, minmay_temple_entry_slanted, serial_shops,
          nicolae_shop_behind_doors, uniq_blork_the_orc, uniq_eustachio
D:5:      layout_loops_corners, chequers_temple_overflow_statue_of_worship
D:6:      layout_basic, ashenzari_altar_1, kennysheep_mini_moat,
          makhleb_grotto_becter, uniq_crazy_yiuf_cottage
D:7:      layout_loops_corners, serial_undead, serial_undead_c, serial_undead_a,
          serial_undead_f, serial_undead_e, serial_undead_b, serial_undead_c
D:8:      layout_gridville, due_lair_maze_entry_diamond,
          hangedman_pestilent_swarm
Temple:   nicolae_temple_no_exploring_needed

Skill      XL: |  1  2  3  4  5  6  7  8  9 |
---------------+----------------------------+-----
Throwing       | 2 3 4 |  4.5
Short Blades   | 3 4 5 6 |  6.5
Stealth        | 1 2 3 4 5 |  5.3
Armour         | 1 2 3 4 |  4.8
Dodging        | 3 4 5 |  5.9
Spellcasting   | 1 2 3 |  3.9
Fighting       | 3 4 5 |  5.4
Evocations     | 1 2 |  2.6

Action                   |  1- 3 |  4- 6 |  7- 9 | 10-12 || total
-------------------------+-------+-------+-------+-------++-------
Melee: Rapier            |   107 |    67 |       |       ||   174
       Dagger            |       |    72 |   104 |       ||   176
       Knife             |       |       |   255 |    24 ||   279
  Use: Scroll            |       |     8 |    12 |       ||    20
       Potion            |       |       |     1 |       ||     1
 Stab: Sleeping          |       |     3 |    20 |     1 ||    24
  Eat: Chunk             |       |     4 |    12 |     1 ||    17
Armor: Leather armour    |    42 |    46 |   106 |     7 ||   201
Dodge: Dodged            |    69 |    80 |   250 |    15 ||   414

Table legend:
 A = Non-vault XP
 B = Vault XP
 C = Vault XP percentage of total XP
 D = Non-vault monster count
 E = Vault monster count
 F = Vault count percentage of total count
                 A         B        C        D         E       F
            +---------+---------+-------+---------+---------+-------
      Total |    3265 |    1867 |  36.4 |     132 |      25 |  15.9
            +---------+---------+-------+---------+---------+-------
        D:1 |      32 |       0 |   0.0 |      17 |       0 |   0.0
        D:2 |     123 |       7 |   5.4 |      27 |       4 |  12.9
        D:3 |      74 |     279 |  79.0 |      11 |       4 |  26.7
        D:4 |     191 |     291 |  60.4 |      16 |       2 |  11.1
        D:5 |     437 |       0 |   0.0 |      17 |       0 |   0.0
        D:6 |     731 |      87 |  10.6 |      14 |       2 |  12.5
        D:7 |    1511 |     439 |  22.5 |      28 |       9 |  24.3
        D:8 |     166 |     764 |  82.2 |       2 |       4 |  66.7
            +---------+---------+-------+---------+---------+-------
